[Event "November 21 Late 2023"]
[Site "https://www.chess.com"]
[Date "2023.11.21"]
[Round "1"]
[White "Bazeev, German"]
[Black "szachmistrz2500"]
[Result "1-0"]
[Board "49"]
[TimeControl "180+1"]
[WhiteFideId "24119350"]
[WhiteElo "2418"]
[BlackElo "2440"]
[WhiteTeam "RUS"]
[WhiteClock "0:01:15"]
[BlackClock "0:00:27"]

1. c4 c5 2. Nc3 g6 3. g3 Bg7 4. Bg2 Nc6 5. a3 e5 6. d3 Nge7 7. h4 h5 8. Nh3 a6 9. Ng5 Rb8 10. O-O b5 11. b4 d6 12. bxc5 dxc5 13. Nge4 O-O 14. Rb1 b4 15. Na4 Nd4 16. Nexc5 Bg4 17. f3 Bd7 18. e3 Ndc6 19. axb4 Rxb4 20. Ba3 Rxb1 21. Qxb1 Nf5 22. Ne4 Nxe3 23. Bxf8 Bxf8 24. Re1 Nf5 25. Qb7 Kg7 26. Nb6 Be8 27. Nd5 Ncd4 28. Qc7 Qa8 29. Qxe5+ Kg8 30. Nef6+ Kh8 31. Nxe8+ Kh7 32. Nef6+ Kh8 33. Nxh5+ Kh7 34. Nhf6+ Kh8 35. Nd7+ Bg7 36. Qe8+ Qxe8 37. Rxe8+ Kh7 38. N7f6+ Bxf6 39. Nxf6+ Kg7 40. Ne4 Ne2+ 41. Kf2 1-0

[Event "November 21 Late 2023"]
[Site "https://www.chess.com"]
[Date "2023.11.21"]
[Round "1"]
[White "Bogaudinov, Rushan"]
[Black "Maksimovic, Bojan"]
[Result "0-1"]
[Board "50"]
[TimeControl "180+1"]
[WhiteFideId "4129288"]
[BlackFideId "14408120"]
[WhiteElo "1908"]
[BlackElo "2546"]
[WhiteTeam "RUS"]
[BlackTeam "BIH"]
[WhiteClock "0:00:34"]
[BlackClock "0:01:01"]

1. e4 a6 2. f4 d5 3. e5 c5 4. Nf3 Nc6 5. g3 h5 6. Bg2 Nh6 7. Nc3 Bf5 8. Nh4 Bg4 9. Bf3 e6 10. h3 Bxf3 11. Nxf3 Nf5 12. Rg1 c4 13. d3 Bc5 14. Rg2 b5 15. a3 Qb6 16. Qe2 Ncd4 17. Nxd4 Nxd4 18. Qf1 Rc8 19. a4 b4 20. a5 Qc6 21. Na4 Ba7 22. Nb6 Bxb6 23. axb6 cxd3 24. cxd3 Qxc1+ 25. Rxc1 Rxc1+ 26. Kf2 Rxf1+ 27. Kxf1 Kd7 28. Kf2 Rb8 29. g4 hxg4 30. hxg4 Rxb6 31. Ke3 Nc6 32. Rh2 g6 33. Rh7 Ke7 34. Rh8 Rb8 35. Rh1 a5 36. Rc1 Kd7 37. b3 Rh8 38. Rc5 Rh3+ 39. Kd2 Nd4 40. Ke1 Nxb3 41. Rb5 Kc7 0-1

[Event "November 21 Late 2023"]
[Site "https://www.chess.com"]
[Date "2023.11.21"]
[Round "1"]
[White "Khamrakulov, Djurabek"]
[Black "Kaplan, Avi Harrison"]
[Result "1-0"]
[Board "51"]
[TimeControl "180+1"]
[WhiteFideId "14201143"]
[BlackFideId "30934559"]
[WhiteElo "2535"]
[BlackElo "2082"]
[WhiteTeam "UZB"]
[BlackTeam "USA"]
[WhiteClock "0:00:20"]
[BlackClock "0:00:00"]

1. d4 Nf6 2. Nf3 d5 3. c4 e6 4. g3 Bb4+ 5. Bd2 Be7 6. Bg2 O-O 7. O-O c6 8. Qc2 Nbd7 9. b3 b6 10. Nc3 Bb7 11. Rfd1 Rc8 12. e4 dxe4 13. Nxe4 Nxe4 14. Qxe4 Nf6 15. Qe2 c5 16. Bc3 Qc7 17. dxc5 Qxc5 18. a4 a5 19. Bd4 Qc7 20. Be5 Qc5 21. Qb2 Rfd8 22. h3 h6 23. Kh2 Kh7 24. Bd4 Qc7 25. Ne5 Bd6 26. Nf3 Be7 27. Rd3 Be4 28. Rd2 Rd7 29. Rad1 Bb4 30. Be5 Rxd2 31. Nxd2 Qc6 32. Nxe4 Nxe4 33. Qc2 f5 34. Bxe4 fxe4 35. Rd4 Rf8 36. Bf4 g5 37. Rxe4 Kg8 38. Be3 Bc5 39. Re5 Rf6 40. Bxc5 bxc5 41. Qe2 Qd6 42. Kg2 Kf7 43. Re3 Qc6+ 44. Kg1 Kg6 45. Qd3+ Kg7 46. Re5 Qc7 47. Qe4 Qd6 48. Kg2 Qd2 49. Qe3 Qd6 50. Qxc5 Qd3 51. Qe3 Qd1 52. Rxe6 Rxe6 53. Qxe6 Qxb3 54. Qd7+ Kg6 55. c5 Qc4 56. c6 Qe4+ 57. Kh2 Qf3 58. Kg1 g4 59. hxg4 Qa3 60. c7 Qc1+ 61. Kg2 Qc2 62. c8=Q Qe4+ 63. Kh2 Qe2 64. Qg8+ 1-0

[Event "November 21 Late 2023"]
[Site "https://www.chess.com"]
[Date "2023.11.21"]
[Round "1"]
[White "topce"]
[Black "Pakleza, Zbigniew"]
[Result "0-1"]
[Board "52"]
[TimeControl "180+1"]
[BlackFideId "1119290"]
[WhiteElo "2438"]
[BlackElo "2410"]
[BlackTeam "POL"]
[WhiteClock "0:00:26"]
[BlackClock "0:00:07"]

1. c4 d6 2. Nc3 e5 3. g3 g6 4. Bg2 Bg7 5. d3 f5 6. e3 Nf6 7. Nge2 O-O 8. O-O a5 9. b3 c6 10. Qd2 Be6 11. Ba3 Re8 12. f4 Na6 13. Bb2 Bf7 14. h3 Nb4 15. a3 Na6 16. Qc2 Qb6 17. d4 exf4 18. exf4 Re3 19. Rf3 Re7 20. Rd1 Rae8 21. Rd2 Ne4 22. Rfd3 Nxd2 23. Qxd2 Qxb3 24. Nd5 Rxe2 25. Qxe2 Rxe2 26. Rxb3 cxd5 27. Kf1 Rc2 28. cxd5 Rxg2 29. Rxb7 Bxd5 30. Rb6 Rc2 31. Ke1 Rc6 32. Rb5 Bc4 33. Rxa5 d5 34. Kd2 h5 35. h4 Kh7 36. Bc3 Nc7 37. Ra8 Nxa8 38. Bb4 Bxd4 39. Bc3 Bxc3+ 40. Kxc3 Nb6 41. Kd4 Na4 42. Ke5 Rb6 43. Kd4 Rb3 44. Ke5 Rxa3 45. Kd4 Rd3+ 46. Ke5 Re3+ 47. Kf6 Re4 48. Kg5 Kg7 49. g4 hxg4 50. h5 gxh5 51. Kxh5 Rxf4 52. Kh4 Re4 53. Kg3 Kf6 54. Kh4 Re3 55. Kh5 Rh3# 0-1

[Event "November 21 Late 2023"]
[Site "https://www.chess.com"]
[Date "2023.11.21"]
[Round "1"]
[White "Szpar, Milosz"]
[Black "Batsiashvili, Nino"]
[Result "1-0"]
[Board "53"]
[TimeControl "180+1"]
[WhiteFideId "1184989"]
[BlackFideId "13602993"]
[WhiteElo "2446"]
[BlackElo "2233"]
[WhiteTeam "POL"]
[BlackTeam "GEO"]
[WhiteClock "0:00:48"]
[BlackClock "0:01:09"]

1. Nf3 d5 2. e3 c5 3. c4 e6 4. d4 Nc6 5. Nc3 Nf6 6. a3 a6 7. dxc5 Bxc5 8. b4 Ba7 9. Bb2 O-O 10. Be2 dxc4 11. Bxc4 b5 12. Bd3 Bb7 13. O-O Qe7 14. Qe2 Rfd8 15. Rfd1 Rd7 16. Ne4 Nxe4 17. Bxe4 Rad8 18. Rdc1 Nb8 19. Bc2 Bd5 20. Ne5 Rc7 21. Qh5 f5 22. g4 Be4 23. Bb3 Bd5 24. Bxd5 Rxc1+ 25. Rxc1 Rxd5 26. Rc8+ Rd8 27. Rxd8+ Qxd8 28. Qf7+ Kh8 29. Qxa7 Nc6 30. Qxg7+ Kxg7 31. Nxc6+ Qf6 32. Bxf6+ Kxf6 1-0

[Event "November 21 Late 2023"]
[Site "https://www.chess.com"]
[Date "2023.11.21"]
[Round "1"]
[White "Balla, Tamas-Kristof"]
[Black "Vasquez Schroeder, Rodrigo"]
[Result "0-1"]
[Board "54"]
[TimeControl "180+1"]
[WhiteFideId "1208497"]
[BlackFideId "3400042"]
[WhiteElo "2306"]
[BlackElo "2582"]
[WhiteTeam "ROU"]
[BlackTeam "CHI"]
[WhiteClock "0:00:54"]
[BlackClock "0:00:33"]

1. e4 c6 2. d4 d5 3. e5 Bf5 4. h4 Qb6 5. Bd3 Bxd3 6. Qxd3 e6 7. Nf3 c5 8. c4 Nc6 9. cxd5 Nb4 10. Qe2 Nxd5 11. dxc5 Bxc5 12. O-O Nge7 13. Nbd2 O-O 14. Ne4 Rfc8 15. a3 a5 16. Bg5 Nf5 17. Rac1 Bf8 18. Rfd1 h6 19. Rxc8 Rxc8 20. Bc1 Qb3 21. g4 Rc2 22. Nfd2 Nd4 23. Qe3 Nxe3 24. fxe3 Qxe3+ 0-1

[Event "November 21 Late 2023"]
[Site "https://www.chess.com"]
[Date "2023.11.21"]
[Round "1"]
[White "Xu, Yi"]
[Black "Rakitic2010"]
[Result "1-0"]
[Board "55"]
[TimeControl "180+1"]
[WhiteFideId "8605564"]
[WhiteElo "2460"]
[BlackElo "2435"]
[WhiteTeam "CHN"]
[WhiteClock "0:00:10"]
[BlackClock "0:00:04"]

1. e4 c5 2. Nf3 e6 3. c3 Nf6 4. e5 Nd5 5. d4 cxd4 6. cxd4 d6 7. Bc4 Be7 8. O-O O-O 9. Qe2 b6 10. Rd1 Bb7 11. Bd2 Nd7 12. Nc3 Nxc3 13. Bxc3 Rc8 14. d5 Rxc4 15. Qxc4 Bxd5 16. Qg4 dxe5 17. Nxe5 Nxe5 18. Bxe5 Bf6 19. Qd4 Bxe5 20. Qxe5 Qh4 21. Rd4 Qh6 22. Qe3 Qg6 23. Qg3 Qf6 24. Rd2 Rc8 25. a3 h5 26. h3 Rc4 27. Re1 h4 28. Qd3 Qg5 29. f3 Rf4 30. Rc2 g6 31. Qe3 Qg3 32. Rc8+ Kh7 33. Qc3 f6 34. Re3 e5 35. Qd2 Bxf3 36. Rc7+ Kh6 37. Rxf3 Qg5 38. Rxf4 exf4 39. Rc4 Qc5+ 40. Rxc5 b5 41. Qxf4+ Kg7 42. Rc7+ Kh8 43. Rd7 Kg8 44. Qb8# 1-0

[Event "November 21 Late 2023"]
[Site "https://www.chess.com"]
[Date "2023.11.21"]
[Round "1"]
[White "Real_taiatai"]
[Black "Stoyanov, Tsvetan"]
[Result "0-1"]
[Board "56"]
[TimeControl "180+1"]
[BlackFideId "2917173"]
[WhiteElo "2435"]
[BlackElo "2390"]
[BlackTeam "BUL"]
[WhiteClock "0:00:00"]
[BlackClock "0:00:58"]

1. e4 c5 2. Nf3 d6 3. Bb5+ Nd7 4. O-O a6 5. Bd3 Ngf6 6. c3 e6 7. Bc2 c4 8. Re1 b5 9. d4 cxd3 10. Bxd3 Bb7 11. Nbd2 Be7 12. Nb3 O-O 13. a4 bxa4 14. Rxa4 d5 15. e5 Ne4 16. Na5 Qc8 17. Nxb7 Qxb7 18. Raxe4 dxe4 19. Bxe4 Qc7 20. Bxa8 Rxa8 21. Qd3 a5 22. Bg5 Bf8 23. h4 h6 24. Bc1 Nc5 25. Qc4 Qb7 26. Qg4 Kh8 27. Qh5 Nd3 28. Rd1 Nxc1 29. Rxc1 Qxb2 30. Re1 Qb7 31. Ng5 Kg8 32. Ne4 a4 33. Re3 a3 34. Nf6+ gxf6 35. Rg3+ Kh8 36. Kh2 f5 37. Rd3 Bg7 38. f4 a2 39. Rd1 a1=Q 40. Rxa1 Rxa1 41. c4 Qe4 42. Qxf7 Qxf4+ 0-1

[Event "November 21 Late 2023"]
[Site "https://www.chess.com"]
[Date "2023.11.21"]
[Round "1"]
[White "Ghasi, Ameet K"]
[Black "Gurevich, Dmitry"]
[Result "1-0"]
[Board "57"]
[TimeControl "180+1"]
[WhiteFideId "409200"]
[BlackFideId "2000407"]
[WhiteElo "2558"]
[BlackElo "2506"]
[WhiteTeam "ENG"]
[BlackTeam "USA"]
[WhiteClock "0:00:08"]
[BlackClock "0:00:00"]

1. b3 d5 2. Bb2 c5 3. Nf3 f6 4. g3 e5 5. Bg2 Nc6 6. O-O Be6 7. d3 Nh6 8. a3 Nf7 9. c4 d4 10. e3 a5 11. exd4 cxd4 12. Qc2 Be7 13. Nbd2 O-O 14. Rfe1 Qd7 15. c5 Rfc8 16. Nc4 Bxc5 17. Rac1 Ba7 18. Qd2 Bd5 19. Nxa5 Nxa5 20. Qxa5 Bc5 21. Qd2 Bxb3 22. Nh4 Bd5 23. Be4 Bxe4 24. dxe4 Bxa3 25. Bxa3 Rxa3 26. Qb4 Raa8 27. Nf5 Re8 28. Red1 Ra4 29. Qb3 b5 30. Rc5 g6 31. Ne3 Ra7 32. Nd5 Kg7 33. Rdc1 Rea8 34. Kg2 Qe6 35. Rc6 Qd7 36. Rxf6 Nd6 37. Re1 Rb8 38. Qb4 Ne8 39. Rf3 Qd6 40. Qd2 1-0

[Event "November 21 Late 2023"]
[Site "https://www.chess.com"]
[Date "2023.11.21"]
[Round "1"]
[White "jactorres"]
[Black "BardArtem"]
[Result "0-1"]
[Board "58"]
[TimeControl "180+1"]
[WhiteElo "2433"]
[BlackElo "2805"]
[WhiteClock "0:00:13"]
[BlackClock "0:00:13"]

1. e4 e5 2. Nf3 Nc6 3. Bb5 Nge7 4. d4 exd4 5. Nxd4 Nxd4 6. Qxd4 Nc6 7. Qd3 Bc5 8. Nc3 O-O 9. Be3 Bxe3 10. Qxe3 d6 11. O-O-O Be6 12. Kb1 a6 13. Be2 Qd7 14. f4 Rae8 15. Qd2 f5 16. e5 Rd8 17. exd6 cxd6 18. Bf3 Kh8 19. Bd5 Ne7 20. Bxe6 Qxe6 21. Rhe1 Qf7 22. Nd5 Nc6 23. g3 h6 24. Qd3 Rfe8 25. c3 Qh5 26. Qd2 Qf3 27. Nc7 Re4 28. Rf1 Qe2 29. Kc1 Qc4 30. Qd5 b5 31. Qxc4 Rxc4 32. Kb1 b4 33. cxb4 Rxb4 34. Nd5 Rb5 35. Nc3 Rb7 36. Rd5 Rf7 37. Rfd1 Rf6 38. a3 Kh7 39. Kc2 g5 40. Rf1 Kg6 41. Rd3 Re6 42. Kd2 Na5 43. Rd4 Nb3+ 44. Kd3 Nxd4 45. Kxd4 Rb8 46. b4 Rc8 47. Rd1 gxf4 48. gxf4 Kh5 49. Rg1 Rg6 50. Rxg6 Kxg6 51. Nd5 Rc2 52. Ne7+ Kf6 53. Nd5+ Ke6 54. Nc3 Rxh2 55. a4 Rd2+ 56. Ke3 Rb2 57. b5 axb5 58. axb5 h5 59. Kd3 h4 0-1

[Event "November 21 Late 2023"]
[Site "https://www.chess.com"]
[Date "2023.11.21"]
[Round "1"]
[White "Fernandez, Daniel"]
[Black "Pace, Christopher"]
[Result "1-0"]
[Board "59"]
[TimeControl "180+1"]
[WhiteFideId "2015390"]
[BlackFideId "2610167"]
[WhiteElo "2396"]
[BlackElo "2432"]
[WhiteTeam "USA"]
[BlackTeam "CAN"]
[WhiteClock "0:01:44"]
[BlackClock "0:00:34"]

1. e4 e5 2. Nf3 Nc6 3. Bb5 Nge7 4. O-O g6 5. c3 Bg7 6. d4 exd4 7. cxd4 d5 8. exd5 Nxd5 9. Re1+ Be6 10. Bg5 Qd6 11. Nc3 O-O 12. Ne4 Qb4 13. Bxc6 bxc6 14. Qc1 Rab8 15. b3 Bd7 16. Nc5 Bg4 17. Na6 Qd6 18. Nxb8 Rxb8 19. Ne5 1-0

[Event "November 21 Late 2023"]
[Site "https://www.chess.com"]
[Date "2023.11.21"]
[Round "1"]
[White "Arnold, Ken"]
[Black "Troff, Kayden"]
[Result "0-1"]
[Board "60"]
[TimeControl "180+1"]
[WhiteFideId "2056836"]
[BlackFideId "2047896"]
[WhiteElo "2432"]
[BlackElo "2544"]
[WhiteTeam "USA"]
[BlackTeam "USA"]
[WhiteClock "0:00:21"]
[BlackClock "0:00:23"]

1. a3 g6 2. Nf3 Bg7 3. d4 Nf6 4. Nbd2 d5 5. g3 O-O 6. Bg2 b6 7. O-O c5 8. dxc5 bxc5 9. c4 Bb7 10. Ne5 Qc7 11. Nd3 Nbd7 12. Qc2 d4 13. b4 Bxg2 14. Kxg2 e5 15. Bb2 Rfe8 16. Rfd1 cxb4 17. Nxb4 a5 18. Na2 Nc5 19. Kg1 Rad8 20. Rab1 e4 21. Nb3 d3 22. exd3 exd3 23. Qc3 Re2 24. Qxa5 Qxa5 25. Nxa5 Nfe4 26. Bxg7 Kxg7 27. Nb4 Nc3 28. Nac6 Rde8 29. Nd4 Nxb1 30. Rxb1 Re1+ 31. Rxe1 Rxe1+ 32. Kg2 d2 0-1

[Event "November 21 Late 2023"]
[Site "https://www.chess.com"]
[Date "2023.11.21"]
[Round "1"]
[White "Rosen, Eric"]
[Black "Shohat, Yotam"]
[Result "1-0"]
[Board "61"]
[TimeControl "180+1"]
[WhiteFideId "2032562"]
[BlackFideId "2813955"]
[WhiteElo "2346"]
[BlackElo "2226"]
[WhiteTeam "USA"]
[BlackTeam "ISR"]
[WhiteClock "0:00:40"]
[BlackClock "0:00:00"]

1. e4 c5 2. Nc3 Nc6 3. Bb5 Nd4 4. Nf3 a6 5. Bd3 Nc6 6. Be2 e5 7. a4 Nf6 8. Bc4 Be7 9. d3 d6 10. h3 Be6 11. Nd2 d5 12. exd5 Nxd5 13. Nxd5 Bxd5 14. O-O O-O 15. Bxd5 Qxd5 16. Ne4 Rad8 17. Nc3 Qd7 18. Be3 b6 19. Re1 Rfe8 20. Qh5 Bf8 21. Rad1 Rc8 22. Qe2 Nd4 23. Qd2 Qc6 24. b3 Re6 25. Ne2 Rg6 26. Ng3 Nf5 27. Kh2 Nh4 28. f4 exf4 29. Bxf4 Bd6 30. Re2 h6 31. Rf1 Qd5 32. Bxd6 Rxd6 33. Re4 Ng6 34. Qe3 Rdd8 35. Nf5 Qd7 36. h4 Re8 37. h5 Rxe4 38. Qxe4 Re8 39. Qf3 Ne5 40. Qg3 f6 41. Nxh6+ Kh7 42. Nf5 Rg8 43. Rf4 g6 44. hxg6+ Rxg6 45. Rh4+ Kg8 46. Qh3 Kf7 47. Rh7+ 1-0

[Event "November 21 Late 2023"]
[Site "https://www.chess.com"]
[Date "2023.11.21"]
[Round "1"]
[White "SalihEke"]
[Black "Tatarinov, Dmitry"]
[Result "0-1"]
[Board "62"]
[TimeControl "180+1"]
[BlackFideId "24160067"]
[WhiteElo "2432"]
[BlackElo "2344"]
[BlackTeam "RUS"]
[WhiteClock "0:00:04"]
[BlackClock "0:00:19"]

1. d4 Nf6 2. Nf3 g6 3. Bf4 d6 4. h3 c5 5. e3 Qb6 6. Nc3 Qxb2 7. Nb5 Qb4+ 8. c3 Qa5 9. dxc5 a6 10. cxd6 axb5 11. dxe7 Bxe7 12. Qb3 O-O 13. Bxb5 Be6 14. Bc4 Bxc4 15. Qxc4 Nbd7 16. O-O Qd5 17. Qxd5 Nxd5 18. Bh6 Rfd8 19. c4 Nc7 20. Rab1 Nc5 21. Rb2 N7e6 22. g4 Bf6 23. Rc2 Ra4 24. Rb1 Rda8 25. Rb5 Rxa2 26. Rxa2 Rxa2 27. Bf4 Rb2 28. Ra5 Nxf4 29. Ra8+ Kg7 30. exf4 Ne4 31. g5 Be7 32. Nd4 Bc5 33. Nb5 Bxf2+ 34. Kg2 Bc5+ 35. Kf3 Nd2+ 36. Kg4 Nxc4 37. Nc7 h5+ 38. Kf3 Rb3+ 39. Ke4 Be7 40. Ne8+ Kh7 41. Rc8 Nd6+ 42. Nxd6 Bxd6 43. f5 Rb4+ 44. Kd5 Bf4 45. fxg6+ Kxg6 46. h4 Bg3 47. Rg8+ Kh7 48. Rf8 Kg7 49. Rc8 Rxh4 50. Rb8 Rg4 51. Rxb7 Rxg5+ 52. Ke4 h4 53. Kf3 Rg6 54. Rb5 h3 55. Rh5 h2 56. Rh3 f5 57. Kg2 f4 58. Kh1 Rc6 59. Kg2 Rc2+ 60. Kh1 Rc1+ 61. Kg2 Rg1+ 62. Kf3 h1=Q+ 63. Rxh1 Rxh1 64. Kg4 Kg6 65. Kf3 Kf5 66. Kg2 Rh2+ 67. Kf3 Rf2# 0-1

[Event "November 21 Late 2023"]
[Site "https://www.chess.com"]
[Date "2023.11.21"]
[Round "1"]
[White "Margvelashvili, Giorgi"]
[Black "VitaliyChayka"]
[Result "1-0"]
[Board "63"]
[TimeControl "180+1"]
[WhiteFideId "13602926"]
[WhiteElo "2549"]
[BlackElo "2432"]
[WhiteTeam "GEO"]
[WhiteClock "0:00:16"]
[BlackClock "0:00:00"]

1. Nf3 d5 2. c4 e6 3. e3 c6 4. b3 Nf6 5. Bb2 Nbd7 6. Nc3 a6 7. Qc2 Bd6 8. d4 O-O 9. Be2 Qe7 10. O-O b5 11. Rad1 Bb7 12. Rfe1 Rac8 13. c5 Bb8 14. e4 dxe4 15. Nxe4 Nxe4 16. Qxe4 Nf6 17. Qh4 Nd5 18. Qxe7 Nxe7 19. Ne5 Rcd8 20. Bf3 Nd5 21. a3 a5 22. g3 Rfe8 23. h4 f6 24. Nd3 Kf7 25. Bh5+ g6 26. Bf3 Bc7 27. Rd2 Bc8 28. Rde2 Re7 29. Kg2 Rde8 30. Bc1 h5 31. Bxd5 exd5 32. Rxe7+ Rxe7 33. Rxe7+ Kxe7 34. Bf4 Bd8 35. Bd6+ Kf7 36. f3 Bf5 37. Ne1 g5 38. Kf2 Kg6 39. Ke2 g4 40. b4 a4 41. fxg4 Bxg4+ 42. Ke3 f5 43. Nd3 Bf6 44. Be5 Be7 45. Bh8 Kh7 46. Be5 Bf8 47. Nf4 Bh6 48. Bf6 Bxf4+ 49. Kxf4 Kg6 50. Ke5 f4 51. gxf4 Bd7 52. Bg5 Be8 53. Kd6 Kf5 54. Ke7 Bg6 55. Kd7 Ke4 56. Kxc6 Kxd4 57. Kxb5 Be8+ 58. Kb6 Ke4 59. c6 d4 60. f5 Kxf5 61. Kc5 d3 62. b5 1-0

[Event "November 21 Late 2023"]
[Site "https://www.chess.com"]
[Date "2023.11.21"]
[Round "1"]
[White "Melikhov, Evgeny V."]
[Black "Arifarsky"]
[Result "0-1"]
[Board "64"]
[TimeControl "180+1"]
[WhiteFideId "4122046"]
[WhiteElo "2165"]
[BlackElo "2785"]
[WhiteTeam "GRE"]
[WhiteClock "0:00:12"]
[BlackClock "0:00:16"]

1. d4 d5 2. c4 e6 3. Nc3 Nf6 4. cxd5 Nxd5 5. e4 Nxc3 6. bxc3 c5 7. Nf3 cxd4 8. cxd4 Bb4+ 9. Bd2 Bxd2+ 10. Qxd2 O-O 11. Bd3 b6 12. O-O Bb7 13. Rad1 Nd7 14. Rfe1 h6 15. d5 exd5 16. e5 Nc5 17. Nd4 Ne4 18. Bxe4 dxe4 19. Nf5 Qxd2 20. Rxd2 Rad8 21. Nd6 Ba8 22. Rde2 f6 23. Nxe4 fxe5 24. f3 Rd3 25. Ng3 Ra3 26. Rxe5 Rxa2 27. Re7 Bd5 28. Rd7 Bf7 29. Ree7 a5 30. Nf5 a4 31. Nd6 Rd2 32. Rxf7 Rxf7 33. Rd8+ Rf8 0-1

[Event "November 21 Late 2023"]
[Site "https://www.chess.com"]
[Date "2023.11.21"]
[Round "1"]
[White "Skvortsov, Andrei"]
[Black "Martins, Vinicius Tine"]
[Result "1-0"]
[Board "65"]
[TimeControl "180+1"]
[WhiteFideId "24108600"]
[BlackFideId "2112884"]
[WhiteElo "2357"]
[BlackElo "2373"]
[WhiteTeam "MNE"]
[BlackTeam "BRA"]
[WhiteClock "0:00:53"]
[BlackClock "0:00:14"]

1. e4 d6 2. d4 Nf6 3. Nc3 g6 4. Bc4 Bg7 5. Qe2 e5 6. dxe5 dxe5 7. Nf3 Nbd7 8. Bg5 O-O 9. Rd1 Re8 10. O-O c6 11. a4 a5 12. h3 Qe7 13. Bh4 h6 14. Rfe1 Nf8 15. Bg3 Nh5 16. Bh2 Qc5 17. Bb3 Be6 18. Bxe6 Nxe6 19. g3 Rad8 20. Rxd8 Rxd8 21. Rd1 Rxd1+ 22. Nxd1 Nd4 23. Nxd4 exd4 24. b3 Nf6 25. g4 Nd7 26. Nb2 Be5 27. Nd3 Bxh2+ 28. Kxh2 Qd6+ 29. e5 Qd5 30. f4 c5 31. f5 Nf8 32. Nf4 Qc6 33. Qg2 Qxg2+ 34. Kxg2 gxf5 35. gxf5 Nd7 36. Nd3 b6 37. Kf3 f6 38. e6 Nb8 39. Ke4 Nc6 40. Kd5 Ne7+ 41. Kd6 Nxf5+ 42. Kc7 Kf8 43. Kxb6 Ke7 44. Nxc5 Ne3 45. Kxa5 Nxc2 46. Kb5 f5 47. a5 f4 48. a6 f3 49. Nd3 Ne1 50. Nf2 d3 51. a7 d2 52. a8=Q 1-0

[Event "November 21 Late 2023"]
[Site "https://www.chess.com"]
[Date "2023.11.21"]
[Round "1"]
[White "Qiao, Cindy"]
[Black "Fier, Alexandr"]
[Result "0-1"]
[Board "66"]
[TimeControl "180+1"]
[WhiteFideId "2620243"]
[BlackFideId "2107139"]
[WhiteElo "1862"]
[BlackElo "2578"]
[WhiteTeam "CAN"]
[BlackTeam "BRA"]
[WhiteClock "0:01:59"]
[BlackClock "0:02:47"]

1. e4 Nf6 2. Nc3 d6 3. d4 g6 4. Bf4 Bg7 5. Qd2 c6 6. O-O-O b5 7. f3 b4 8. Nce2 Qa5 9. Kb1 Be6 10. Nc1 Nbd7 11. h4 Nb6 12. e5 Nfd5 13. exd6 Nc3+ 14. bxc3 bxc3 0-1

[Event "November 21 Late 2023"]
[Site "https://www.chess.com"]
[Date "2023.11.21"]
[Round "1"]
[White "Hambleton, Aman"]
[Black "Marcziter, Dmitrii"]
[Result "1-0"]
[Board "67"]
[TimeControl "180+1"]
[WhiteFideId "2606577"]
[BlackFideId "13900765"]
[WhiteElo "2511"]
[BlackElo "2142"]
[WhiteTeam "CAN"]
[BlackTeam "GER"]
[WhiteClock "0:01:50"]
[BlackClock "0:01:44"]

1. d4 Nf6 2. Bf4 d5 3. e3 c5 4. c3 Nc6 5. Nd2 Qb6 6. Qb3 c4 7. Qc2 g6 8. e4 e6 9. e5 Nd7 10. Ngf3 Bg7 11. Be2 O-O 12. O-O Qd8 13. Rfe1 b5 14. h4 h5 15. Ng5 Re8 16. Bxh5 gxh5 17. Qh7+ Kf8 18. Qxh5 Qe7 19. Nh7+ Kg8 20. Bg5 f6 21. exf6 Nxf6 22. Nxf6+ Bxf6 23. Bxf6 Qf7 24. Qh8# 1-0

[Event "November 21 Late 2023"]
[Site "https://www.chess.com"]
[Date "2023.11.21"]
[Round "1"]
[White "Estrada Nieto, Julian"]
[Black "Wagner, Dennis"]
[Result "0-1"]
[Board "68"]
[TimeControl "180+1"]
[WhiteFideId "5101018"]
[BlackFideId "24650684"]
[WhiteElo "2161"]
[BlackElo "2482"]
[WhiteTeam "ESP"]
[BlackTeam "GER"]
[WhiteClock "0:00:01"]
[BlackClock "0:00:21"]

1. e4 c5 2. Nf3 d6 3. Bb5+ Nd7 4. d4 cxd4 5. Qxd4 a6 6. Bxd7+ Bxd7 7. Nc3 Rc8 8. O-O e5 9. Qd3 h6 10. Rd1 Nf6 11. Nd2 Bg4 12. Re1 Be6 13. Nf1 Be7 14. Ne3 b5 15. a4 b4 16. Ncd5 Bxd5 17. exd5 Qb6 18. Nf5 Bf8 19. Be3 Qb7 20. Rad1 g6 21. Ng3 Bg7 22. a5 O-O 23. Bb6 Nd7 24. Ne4 Qb8 25. Qxa6 Rxc2 26. Qa7 Qxa7 27. Bxa7 Ra8 28. Bb6 Bf8 29. Rd2 Rcc8 30. g4 Nxb6 31. axb6 Rab8 32. Nf6+ Kg7 33. Nd7 Rb7 34. Nxf8 Kxf8 35. f4 exf4 36. Re4 g5 37. Rxb4 Rcb8 38. Rc2 Rxb6 39. Rxb6 Rxb6 40. Kf2 Ke7 41. Kf3 Rb4 42. Rc7+ Kf6 43. Rd7 Rb3+ 44. Ke4 Rb4+ 45. Kf3 Rb6 46. Rd8 Ke5 47. Rd7 Rb3+ 48. Kf2 Rxb2+ 49. Kf3 Rb3+ 50. Kf2 f6 51. Re7+ Kxd5 52. Rf7 Ke5 53. Re7+ Kd4 54. Re6 Rb2+ 55. Kf3 d5 56. Rxf6 Rxh2 57. Ra6 Rh3+ 58. Kf2 Rg3 59. Ra4+ Ke5 60. Ra6 Rxg4 61. Rxh6 Rg3 62. Rh8 Ke4 63. Re8+ Kd3 64. Re5 d4 0-1

[Event "November 21 Late 2023"]
[Site "https://www.chess.com"]
[Date "2023.11.21"]
[Round "1"]
[White "Jarmula, Lukasz"]
[Black "Miszler, Levente"]
[Result "1-0"]
[Board "69"]
[TimeControl "180+1"]
[WhiteFideId "1160664"]
[BlackFideId "763276"]
[WhiteElo "2372"]
[BlackElo "2186"]
[WhiteTeam "POL"]
[BlackTeam "HUN"]
[WhiteClock "0:01:23"]
[BlackClock "0:00:41"]

1. c4 Nf6 2. Nc3 e6 3. e4 c5 4. e5 Ng8 5. Nf3 Nc6 6. d4 cxd4 7. Nxd4 Nxe5 8. Ndb5 a6 9. Nd6+ Bxd6 10. Qxd6 f6 11. Be3 Ne7 12. Bb6 Nf5 13. Qc5 Qe7 14. O-O-O Qxc5 15. Bxc5 Kf7 16. Be2 g5 17. g4 Nh4 18. Ne4 Neg6 19. Nd6+ Kg7 20. Nxc8 Raxc8 21. Rxd7+ Kh6 22. Be3 Ne5 23. Rxb7 Nxc4 24. Bxc4 Rxc4+ 25. Kb1 Nf3 26. h4 Kg6 27. h5+ Kh6 28. Rf7 f5 29. gxf5 exf5 30. Rxf5 Rh4 31. Bxg5+ Nxg5 32. Rxh4 Rc8 33. Rg4 a5 34. Rgxg5 a4 35. Rc5 Rb8 36. Rb5 Ra8 37. Rgc5 Rd8 38. Rc6+ Kg7 39. Rb7+ Kh8 40. Rcc7 a3 41. bxa3 h6 42. a4 1-0

[Event "November 21 Late 2023"]
[Site "https://www.chess.com"]
[Date "2023.11.21"]
[Round "1"]
[White "Zeman, Matyas"]
[Black "Zeltsan, Joseph"]
[Result "1-0"]
[Board "70"]
[TimeControl "180+1"]
[WhiteFideId "364398"]
[BlackFideId "30932980"]
[WhiteElo "2286"]
[BlackElo "2341"]
[WhiteTeam "CZE"]
[BlackTeam "USA"]
[WhiteClock "0:00:34"]
[BlackClock "0:00:01"]

1. e4 c5 2. Nf3 d6 3. d4 cxd4 4. Nxd4 Nf6 5. Nc3 a6 6. f3 e5 7. Nb3 Be6 8. Be3 Be7 9. Qd2 O-O 10. O-O-O Nbd7 11. g4 b5 12. h4 Qc7 13. h5 Rfc8 14. g5 b4 15. Na4 Qc6 16. gxf6 Qxa4 17. fxe7 Qxa2 18. e8=Q+ Nf8 19. Qxc8 Rxc8 20. Qxb4 Bxb3 21. Bd3 Bc4 22. Qa3 Bxd3 23. Qxa2 Rxc2+ 24. Kb1 Rd2+ 25. Ka1 Rxd1+ 26. Rxd1 Be2 27. Rxd6 Bxf3 28. Rd8 Bxh5 29. Qa3 h6 30. Qxf8+ Kh7 31. Rd6 Bg6 32. Qe7 h5 33. Qxe5 h4 34. Qh2 Bh5 35. Qxh4 g6 36. Qf6 Bf3 37. Rd8 Bxe4 38. Rh8# 1-0